 Dungeon Crawl Stone Soup version 0.27.0-1-g7a089689b8 (webtiles) character file.

Game seed: 14103580975132157883

1910 dtburroughs the Chopper (level 8, -8/109 HPs)
             Began as a Minotaur Berserker on Aug 4, 2021.
             Was a Priest of Trog.
             Mangled by a gnoll (13 damage)
             ... on level 7 of the Dungeon.
             The game lasted 00:09:00 (8014 turns).

dtburroughs the Chopper (Minotaur Berserker)        Turns: 8014, Time: 00:09:01

Health: -8/109     AC: 13    Str: 22    XL:     8   Next: 94%
Magic:  7/7        EV: 12    Int:  6    God:    Trog [***...]
Gold:   433        SH:  0    Dex: 10    Spells: 7/7 levels left

rFire    . . .     SeeInvis .   x - +4 dire flail (freeze)
rCold    . . .     Faith    .   (shield currently unavailable)
rNeg     . . .     Spirit   .   q - +0 ring mail
rPois    +         Reflect  .   (helmet restricted)
rElec    .         Harm     .   r - +2 cloak {Stlth+}
rCorr    .         Rampage  .   D - +2 pair of gloves
Will     .....                  (no boots)
Stlth    ..........             (no amulet)
HPRegen  0.28/turn              l - ring of poison resistance
MPRegen  0.10/turn              (no ring)

@: berserking, very quick
A: horns 2, retaliatory headbutt
a: Renounce Religion, Berserk, Trog's Hand


You were on level 7 of the Dungeon.
You worshipped Trog.
Trog was most pleased with you.
You visited 1 branch of the dungeon, and saw 7 of its levels.

You collected 433 gold pieces.

Inventory:

Hand Weapons
 a - a +0 hand axe
 n - a +2 flail of protection
 x - a +4 dire flail of freezing (weapon)
 z - a +0 battleaxe
Armour
 b - a +0 animal skin
 q - a +0 ring mail (worn)
 r - a +2 cloak of stealth (worn)
 A - a scarf of repulsion
 D - a +2 pair of gloves (worn)
Jewellery
 l - a ring of poison resistance (left hand)
 y - a +6 ring of intelligence
Wands
 t - a wand of mindburst (8)
Scrolls
 e - 2 scrolls of fear {unknown}
 f - a scroll of amnesia {unknown}
 h - 2 scrolls of enchant armour {unknown}
 i - a scroll of summoning {unknown}
 j - a scroll of immolation {unknown}
 k - 9 scrolls of identify {unknown}
 u - 2 scrolls of enchant weapon {unknown}
 v - a scroll of holy word {unknown}
Potions
 c - a potion of might {unknown}
 d - 4 potions of mutation {unknown}
 g - 2 potions of haste {unknown}
 m - a potion of invisibility {unknown}
 s - a potion of attraction {unknown}
 w - a potion of heal wounds {unknown}
 B - 2 potions of cancellation {unknown}
 C - a potion of flight {unknown}
Miscellaneous
 o - a lightning rod (4/4)


   Skills:
 + Level 7.4 Fighting
 + Level 7.4 Axes
 + Level 6.8 Armour
 + Level 6.3 Dodging
 + Level 3.6 Evocations


You had 7 spell levels left.
You didn't know any spells.
Your spell library was empty.

Dungeon Overview and Level Annotations

Branches:
Dungeon (7/15)             Temple (0/1) D:6

Altars:
Nemelex Xobeh
Okawaru
Xom
Yredelemnul
Zin
The Shining One

Shops:
D:2 *   D:4 !

Annotations:
D:4 3 runed translucent doors, SweetAndFullOfGrace's ghost, amateur MiBe


Innate Abilities, Weirdness & Mutations

You have a pair of horns on your head.
You reflexively headbutt those who attack you in melee.


Message History

A gnoll shaman comes into view. It is wielding a +0 whip.
You hit the orc warrior. You freeze the orc warrior.
Your headbutt misses the orc warrior.
The orc warrior is severely wounded.
The orc warrior hits you but does no damage.
A gnoll comes into view. It is wielding a +0 halberd.
You barely miss the orc warrior.
You headbutt the orc warrior, but do no damage.
The orc warrior is severely wounded.
The orc warrior hits you but does no damage.
The gnoll hits you with a +0 flail!
You barely miss the orc warrior.
The orc warrior is severely wounded.
The orc warrior hits you with a +0 trident!
The gnoll closely misses you.
You hit the orc warrior. You freeze the orc warrior.
You headbutt the orc warrior, but do no damage.
The orc warrior is almost dead.
The orc warrior hits you with a +0 trident.
The gnoll hits you but does no damage.
You closely miss the orc warrior. Your headbutt misses the orc warrior.
The orc warrior is almost dead.
The orc warrior completely misses you. The gnoll hits you with a +0 whip.
The gnoll barely misses you.
A shadow comes into view.
You completely miss the orc warrior. Your headbutt misses the orc warrior.
The orc warrior is almost dead.
The orc warrior hits you with a +0 trident!
* * * LOW HITPOINT WARNING * * *
The gnoll hits you with a +0 whip.
* * * LOW HITPOINT WARNING * * *
The gnoll barely misses you. You furiously retaliate!
You headbutt the gnoll. The gnoll hits you but does no damage.
A red film seems to cover your vision as you go berserk!
You feel yourself moving faster!
You feel mighty!
The orc warrior hits you with a +0 trident!
* * * LOW HITPOINT WARNING * * *
The gnoll barely misses you. The gnoll hits you but does no damage.
The gnoll hits you from afar with a +0 halberd!
You die...

############
#..........#
#..........########.
#..........#g.......
#..........#gg..W...
#.........o@gg......
#..........#†.......
#..........#....(>..
#####..........#........
#.......####.###........
#.......# #.# ########.
#.......# #.# #.......#
#.# #.......# .#


You could see an orc warrior, a shadow, a gnoll shaman and 4 gnolls.

Vanquished Creatures
  Prince Ribbit (D:5)
  A wyvern (D:7)
  Menkaure (D:4)
  Edmund (D:5)
  A water moccasin (D:3)
  A black bear (D:5)
  A necrophage (D:5)
  A phantom (D:5)
  A scorpion (D:6)
  A water moccasin skeleton (D:4)
  3 wights (D:5)
  A crimson imp (D:4)
  2 bullfrog zombies
  2 centaur zombies (D:7)
  2 bullfrog skeletons
  3 jellies
  2 hounds
  3 orc priests
  2 iguanas
  3 orc wizards (D:6)
  A scorpion zombie (D:5)
  A killer bee zombie (D:5)
  A howler monkey skeleton (D:7)
  6 adders
  A shadow imp (D:6)
  An ufetubus (D:5)
  A worm (D:4)
  4 orcs
  4 bats
  8 endoplasms
  A giant cockroach (D:2)
  7 hobgoblins
  2 jackals (D:2)
  2 quokkas
  6 ball pythons
  4 frilled lizards
  3 goblins
  A goblin skeleton (D:4)
  2 goblin zombies (D:4)
  5 hobgoblin zombies (D:4)
  6 kobolds
  A kobold zombie (D:4)
  4 rats
105 creatures vanquished.

Notes
Turn   | Place    | Note
-------+----------+-------------------------------------------
     0 | D:1      | dtburroughs the Minotaur Berserker began the quest for the
                  | Orb.
     0 | D:1      | Reached XP level 1. HP: 19/19 MP: 0/0
   950 | D:1      | Reached XP level 2. HP: 27/27 MP: 1/1
  1472 | D:2      | Found Bissepp's General Store.
  1619 | D:2      | Reached XP level 3. HP: 22/33 MP: 2/2
  2189 | D:2      | Found a faded altar of an unknown god.
  2285 | D:3      | Reached ** piety under Trog
  2777 | D:3      | Reached XP level 4. HP: 35/41 MP: 3/3
  2845 | D:3      | Found a sparkling altar of Nemelex Xobeh.
  2950 | D:3      | Noticed a water moccasin
  2967 | D:3      | Killed a water moccasin
  2968 | D:3      | Reached XP level 5. HP: 20/47 MP: 4/4
  2974 | D:3      | HP: 2/47 [poisoned by a water moccasin]
  3964 | D:3      | Reached skill level 5 in Fighting
  3964 | D:3      | Reached skill level 5 in Axes
  4042 | D:4      | Reached XP level 6. HP: 17/56 MP: 5/5
  4412 | D:4      | Noticed Menkaure
  4821 | D:4      | Found a runed translucent gate.
  4821 | D:4      | Found a runed translucent gate.
  4821 | D:4      | Found a runed translucent gate.
  4823 | D:4      | Noticed SweetAndFullOfGrace's ghost (amateur MiBe)
  4839 | D:4      | Found Uwimik's Distillery.
  4963 | D:4      | Found a glowing silver altar of Zin.
  4966 | D:4      | Noticed an angel
  5066 | D:4      | Found a glowing golden altar of the Shining One.
  5196 | D:4      | Killed Menkaure
  5352 | D:4      | Found an iron altar of Okawaru.
  5443 | D:4      | Found a shimmering altar of Xom.
  5525 | D:4      | Found a basalt altar of Yredelemnul.
  5579 | D:5      | Entered Level 5 of the Dungeon
  5600 | D:5      | Reached skill level 5 in Armour
  5600 | D:5      | Reached skill level 1 in Evocations
  5600 | D:5      | Reached XP level 7. HP: 53/62 MP: 6/6
  6119 | D:5      | Reached skill level 5 in Dodging
  6267 | D:5      | Noticed Edmund
  6282 | D:5      | Killed Edmund
  6285 | D:5      | Reached XP level 8. HP: 60/71 MP: 7/7
  6291 | D:5      | Reached *** piety under Trog
  6472 | D:5      | Noticed Prince Ribbit
  6533 | D:5      | Killed Prince Ribbit
  7364 | D:6      | Found a staircase to the Ecumenical Temple.
  8014 | D:7      | HP: 5/109 [orc warrior (15)]
  8014 | D:7      | Mangled by a gnoll

Illustrated notes

Levels and vault maps discovered:
D:1:      wander_arrival_chamber, layout_loops_cross, roderic_serpentine_path,
          amcnicky_mini_pool_small, minmay_misc_feat_pillars
D:2:      kennysheep_six_static_rooms, layout_rooms,
          shapermc_ecumenical_altar_mp_vishouse, serial_shops, shop
D:3:      layout_basic, lemuel_doored_altar, nrook_loot_triangle
D:4:      layout_cave_pools, grunt_temple_overflow_order_and_chaos_1,
          yredelemnul_forgotten_temple_becter, nicolae_tso_besieged_by_evil,
          mainiacjoe_overflow_six_doors_small, serial_shops,
          nicolae_shop_competitors_out_of_business, gammafunk_ghost_split,
          uniq_menkaure
D:5:      layout_basic, uniq_edmund, uniq_prince_ribbit1
D:6:      layout_cave_pools, minmay_temple_entry_trees, serial_glass,
          glass_columns_a, glass_columns_a
D:7:      layout_rooms, overflow_temple_1_default, nicolae_evil_shop

Skill      XL: |  1  2  3  4  5  6  7  8 |
---------------+-------------------------+-----
Fighting       | 4 5 6 7 |  7.4
Axes           | 4 5 6 7 |  7.4
Armour         | 3 4 5 6 |  6.8
Dodging        | 3 4 5 6 |  6.3
Evocations     | 1 2 3 |  3.6

Action                   |  1- 3 |  4- 6 |  7- 9 || total
-------------------------+-------+-------+-------++-------
Melee: Hand axe          |    74 |    95 |    48 ||   217
       Headbutt          |     7 |    15 |    29 ||    51
       Dire flail        |       |       |    82 ||    82
Invok: Berserk           |       |     2 |     1 ||     3
Evoke: Wand              |       |     3 |     4 ||     7
 Stab: Sleeping          |     3 |       |       ||     3
Armor: Animal skin       |    12 |     7 |       ||    19
       Ring mail         |       |    25 |    69 ||    94
Dodge: Dodged            |    48 |    54 |    91 ||   193
